 Dungeon Crawl Stone Soup version 0.28.0-43-g3370ac3207 (webtiles) character file.

Game seed: 4789428409509151606

117 crimpus the Cutter (level 5, -1/49 HPs)
             Began as a Kobold Berserker on Mar 8, 2022.
             Was a Follower of Trog.
             Succumbed to an orc wizard's poison
             ... on level 3 of the Dungeon.
             The game lasted 00:02:26 (2957 turns).

crimpus the Cutter (Kobold Berserker)               Turns: 2957, Time: 00:02:27

Health: -1/49      AC:  3    Str: 17    XL:     5   Next: 22%
Magic:  5/5        EV: 14    Int:  8    God:    Trog [*.....]
Gold:   91         SH:  0    Dex: 14    Spells: 4/4 levels left

rFire   . . .      SeeInvis .   i - +2 dagger (venom)
rCold   . . .      Faith    .   (no shield)
rNeg    . . .      Spirit   .   j - +0 leather armour
rPois   .          Reflect  .   (no helmet)
rElec   .          Harm     .   (no cloak)
rCorr   .          Rampage  .   (no gloves)
Will    .....                   (no boots)
Stlth   ..........              (no amulet)
HPRegen 0.16/turn               (no ring)
MPRegen 0.09/turn               (no ring)

@: berserking (expiring), lethally poisoned (-1 -> -9), very quick
A: small, no large weapons, nightstalker 3
a: Renounce Religion, Berserk


You were on level 3 of the Dungeon.
You worshipped Trog.
Trog was aware of your devotion.
You visited 1 branch of the dungeon, and saw 3 of its levels.

You collected 91 gold pieces.

Inventory:

Hand Weapons
 i - a +2 dagger of venom (weapon)
Missiles
 f - 2 silver boomerangs (quivered)
Armour
 j - a +0 leather armour (worn)
Scrolls
 c - a scroll of torment {unknown}
 d - a scroll of holy word {unknown}
 g - 2 scrolls of identify {unknown}
Potions
 a - a potion of haste {unknown}
 e - a potion of cancellation {unknown}
 h - a potion of brilliance {unknown}


   Skills:
 + Level 4.1 Fighting
 + Level 5.4 Short Blades
 + Level 1.9 Armour
 + Level 2.8 Dodging
 + Level 2.8 Stealth


You had 4 spell levels left.
You didn't know any spells.
Your spell library was empty.

Dungeon Overview and Level Annotations

Branches:
Dungeon (3/15)

Altars:

Shops:
D:1 :


Innate Abilities, Weirdness & Mutations

You are small and have problems with some larger weapons.
You are completely attuned to the shadows.


Message History

You feel very sick.
You hit something.
* * * LOW HITPOINT WARNING * * *
You feel very sick. Trog accepts your kill.
Trog appreciates your killing of a magic user.
Reactivating autopickup.
You feel a bit more experienced.
You have reached level 5!
You feel stronger.
You hit the orc.
The orc is poisoned.
The orc is almost dead.
* * * LOW HITPOINT WARNING * * *
You feel very sick.
You kill the orc!
Trog accepts your kill.
You completely miss the rat.
* * * LOW HITPOINT WARNING * * *
You feel sick.
You closely miss the rat.
* * * LOW HITPOINT WARNING * * *
You feel sick. The rat misses you.
You hit the rat.
You kill the rat!
Trog accepts your kill.
* * * LOW HITPOINT WARNING * * *
You feel sick.
You puncture the orc!
You kill the orc!
Trog accepts your kill.
* * * LOW HITPOINT WARNING * * *
You feel sick.
Unknown command.
You are too berserk!
* * * LOW HITPOINT WARNING * * *
You feel sick.
You feel a strong urge to attack something.
* * * LOW HITPOINT WARNING * * *
You feel sick.
You die...

#.###
#..)#
#.#.##
#.#..##
#.##..#
#.###.#
#<# #.#
#.# #.#
#.# #@#
#.# #.#
#.. #.#
#.# #)#
#.....#
#......
.......
.......#


There were no monsters in sight!

Vanquished Creatures
  An orc wizard (D:3)
  An adder (D:3)
  4 gnolls (D:2)
  3 worms (D:2)
  3 orcs (D:3)
  3 endoplasms (D:1)
  2 giant cockroaches
  A goblin (D:2)
  A hobgoblin (D:1)
  2 jackals (D:1)
  A quokka (D:1)
  3 ball pythons (D:1)
  5 kobolds
  5 rats
35 creatures vanquished.

Notes
Turn   | Place    | Note
-------+----------+-------------------------------------------
     0 | D:1      | crimpus the Kobold Berserker began the quest for the Orb.
     0 | D:1      | Reached XP level 1. HP: 14/14 MP: 1/1
    43 | D:1      | Found Ovatol's Book Shop.
   322 | D:1      | Reached XP level 2. HP: 19/19 MP: 2/2
  1338 | D:2      | Reached XP level 3. HP: 12/23 MP: 3/3
  1714 | D:2      | Reached skill level 1 in Stealth
  1722 | D:2      | Reached skill level 5 in Short Blades
  1722 | D:2      | Reached XP level 4. HP: 25/29 MP: 4/4
  2587 | D:2      | Found a faded altar of an unknown god.
  2950 | D:3      | Reached XP level 5. HP: 14/33 MP: 5/5
  2955 | D:3      | HP: 2/49 [poisoned by an orc wizard]
  2957 | D:3      | Succumbed to an orc wizard's poison

Illustrated notes

Levels and vault maps discovered:
D:1:      wheals_arrival_linesprint, layout_basic, serial_shops,
          nicolae_shop_crystal, minmay_door_square,
          chequers_serial_rivers_small_b, minmay_stone_trees_small
D:2:      layout_basic, basic_ecumenical_altar
D:3:      layout_rooms, grunt_gozag_breadcrumbs

Skill      XL: |  1  2  3  4 |
---------------+-------------+-----
Stealth        | 1 2 |  2.8
Short Blades   | 5 |  5.4
Fighting       | 4 |  4.1
Armour         | |  1.9
Dodging        | |  2.8

Action                   |  1- 3 |  4- 6 || total
-------------------------+-------+-------++-------
Melee: Short sword       |    49 |    11 ||    60
       Dagger            |       |    40 ||    40
       Punch             |       |     1 ||     1
Invok: Berserk           |     2 |     3 ||     5
 Stab: Sleeping          |     7 |     3 ||    10
Armor: Animal skin       |     2 |       ||     2
       Leather armour    |       |     5 ||     5
Dodge: Dodged            |    24 |    13 ||    37
